 Dungeon Crawl Stone Soup version 0.19.0 (webtiles) character file.

56182 gg19 the Bludgeoner (level 14, -40/159 HPs)
             Began as an Ogre Hunter on Nov 18, 2016.
             Was a High Priest of Makhleb.
             Annihilated by a titanic slime creature (97 damage)
             ... on level 12 of the Dungeon.
             The game lasted 00:45:35 (18913 turns).

gg19 the Bludgeoner (Ogre Hunter)                  Turns: 18913, Time: 00:45:36

Health: -40/159    AC: 16    Str: 27    XL:     14   Next: 80%
Magic:  22/22      EV: 13    Int: 12    God:    Makhleb [*****.]
Gold:   591        SH:  0    Dex: 10    Spells: 0 memorised, 13 levels left

rFire  . . .     SeeInvis .     a - +6 shillelagh "Devastator" {shatter}
rCold  . . .     Gourm    .     F - +3 troll leather armour
rNeg   . . .     Faith    .     (no shield)
rPois  .         Spirit   .     (helmet restricted)
rElec  .         Reflect  .     P - +2 cloak
rCorr  .         Harm     .     (gloves unavailable)
MR     +....                    (boots unavailable)
Stlth  ++........               i - amulet of regeneration
                                R - +3 ring of protection
                                V - ring "Erchesaj" {Str+3 Int+2 Stlth+}

@: drained
A: unfitting armour, slimy green scales 1, screaming 1, tough skin 1, wild magic
1
a: Minor Destruction, Lesser Servant of Makhleb, Major Destruction, Greater
Servant of Makhleb, Renounce Religion


You were on level 12 of the Dungeon.
You worshipped Makhleb.
Makhleb was extremely pleased with you.
You were full.

You visited 2 branches of the dungeon, and saw 18 of its levels.
You also visited: Ossuary.

You collected 1614 gold pieces.
You spent 1023 gold pieces at shops.

Inventory:

Hand Weapons
 a - the +6 shillelagh "Devastator" (weapon) {shatter}
   (You acquired it on level 8 of the Dungeon)
 b - a +2 giant spiked club
Missiles
 j - 4 throwing nets
 E - 14 large rocks (quivered)
Armour
 F - a +3 troll leather armour (worn)
 I - a +1 robe of cold resistance
 P - a +2 cloak (worn)
Rods
 g - a -3 rod of ignition (14/14)
   (You found it on level 5 of the Dungeon)
Jewellery
 i - an amulet of regeneration (around neck)
 k - an uncursed ring of protection from fire
 o - an uncursed ring of see invisible
 q - an uncursed amulet of magic regeneration {unknown}
 t - an uncursed amulet of the gourmand
 w - the ring of Fun {rF+ Int+4 Dex+2}
   (You found it on level 6 of the Lair of Beasts)

   [ring of protection from fire]

   It affects your intelligence (+4).
   It affects your dexterity (+2).
   It protects you from fire.
 N - an uncursed ring of protection from fire
 R - a +3 ring of protection (right hand)
 V - the ring "Erchesaj" (left hand) {Str+3 Int+2 Stlth+}
   (You bought it in a shop on level 7 of the Dungeon)

   [ring of intelligence]

   It affects your strength (+3).
   It affects your intelligence (+2).
   It makes you more stealthy.
Wands
 y - a wand of digging (21/24)
 K - a wand of digging (12/24)
 X - a wand of teleportation (5/9)
Scrolls
 d - a scroll of magic mapping
 m - 9 scrolls of teleportation
 s - 8 scrolls of identify
 u - 2 scrolls of amnesia
 x - 2 scrolls of immolation
 A - 2 scrolls of remove curse
 B - a scroll of fog
 D - 2 scrolls of recharging
 Z - a scroll of blinking
Potions
 c - 3 potions of ambrosia
 e - 2 potions of mutation
 l - 5 potions of might
 n - 4 potions of curing
 p - 2 potions of cancellation
 r - 3 potions of resistance
 z - 6 potions of heal wounds
 H - a potion of invisibility
 J - 2 potions of brilliance
 L - a potion of magic
 M - 3 potions of flight
 O - 6 potions of agility
 Q - a potion of cure mutation
Comestibles
 f - 9 bread rations
 h - 7 meat rations
 v - 2 chunks of flesh
 G - 18 fruits
 S - 2 beef jerkies
 T - 9 slices of pizza


   Skills:
 + Level 15.3(15.0) Fighting
 * Level 20.5(20.1) Maces & Flails
 - Level 4.0(3.7) Throwing
 + Level 9.8(9.5) Dodging
 - Level 0.6(0.3) Stealth
 + Level 10.9(10.6) Invocations


You had 13 spell levels left.
You didn't know any spells.

Dungeon Overview and Level Annotations

Branches:
Dungeon (12/15)            Temple (0/1) D:7            Lair (6/6) D:8
 Shoals (0/4) Lair:4       Spider (0/4) Lair:3        Slime (0/5) Lair:5
    Orc (0/2) D:11

Altars:
Ashenzari
Fedhas
Gozag
Makhleb
Nemelex Xobeh
Qazlal
Xom
The Shining One
Jiyva

Shops:
D:4 %   D:6 =   D:7 (=*}   D:11 [


Innate Abilities, Weirdness & Mutations

You are too large for most types of armour.
You have tough skin. (AC +1)
You are partially covered in slimy green scales. (AC +2)
You occasionally shout uncontrollably at your foes.
Your spells are a little harder to cast, but a little more powerful.


Message History

The vampire mosquito bites you.
The vampire mosquito draws strength from your injuries!
The vampire mosquito misses you.
You thump the titanic slime creature!
There is a shattering impact!
The titanic slime creature is heavily wounded.
The slime creature is lightly wounded.
The vampire mosquito is lightly damaged.
The titanic slime creature is heavily wounded.
You hear an angry buzzing noise.
The titanic slime creature hits you!!
The vampire mosquito bites you but does no damage.
You thump the titanic slime creature!
There is a shattering impact!
The titanic slime creature is heavily wounded.
The slime creature is lightly wounded.
The vampire mosquito is moderately damaged.
The titanic slime creature is heavily wounded.
You hear an angry buzzing noise. x2
The vampire mosquito barely misses you. The titanic slime creature hits you!!!!
Ouch! That really hurt!
You die...

#....#
#...####
# #....#
#......#
####.###
#.####.#
#...##
#.# #.#
###..###
#.# #.###
##...#
..# #...#
###.##.##
###.#
#††#.#
#.#
##@y.#
#.# #JJ.#
#.# ..#.#
#.####
..##.#
#....#
... .#
####.#
.... #
#.###
.....
#....
......
#####
########


You could see a titanic slime creature, a slime creature and a vampire mosquito.

Vanquished Creatures
  Rupert (Lair:5)
  Nessos (D:12)
  4 dire elephants (Lair:6)
  Josephine (D:12)
  Erolcha (D:12)
  A centaur warrior (D:9)
  7 hydras
  A catoblepas (Lair:4)
  An anaconda (Lair:6)
  An ogre mage (D:10)
  5 death yaks
  Urug (D:11)
  3 hill giants
  Pikel (D:3)
  A deep elf mage (D:12)
  The ghost of Ark the Devastator, a novice TeFE of Vehumet (Lair:1)
  A cyclops (D:11)
  A manticore (Lair:4)
  4 elephants (Lair:6)
  3 black mambas
  Maurice (D:9)
  Psyche (D:10)
  A gargoyle (D:12)
  7 spiny frogs
  A rime drake (Lair:5)
  4 komodo dragons
  2 polar bears
  A hornet (D:12)
  3 trolls
  A two-headed ogre (D:10)
  2 slime creatures (D:12)
  8 blink frogs
  13 dream sheep (Lair:6)
  4 hippogriffs
  Sigmund (D:2)
  4 wyverns
  6 basilisks
  4 wraiths (D:12)
  30 yaks
  A spriggan (Lair:5)
  4 hogs (D:7)
  A human (D:7)
  Menkaure (D:4)
  A steam dragon (Lair:3)
  A vampire mosquito (D:12)
  3 hungry ghosts
  6 water moccasins
  A soldier ant (D:12)
  A hornet zombie (D:11)
  10 porcupines
  3 slaves (D:3)
  4 sky beasts
  6 orc warriors
  8 ogres
  6 phantoms
  An eye of draining (D:10)
  11 wolves
  9 centaurs
  8 crocodiles
  2 big kobolds
  14 bullfrogs
  4 scorpions
  11 killer bees
  7 wights (D:12)
  2 electric eels
  5 howler monkeys
  3 crimson imps
  A bullfrog zombie (D:9)
  A quasit (D:11)
  A human zombie (D:6)
  3 jellies
  4 bullfrog skeletons
  5 hounds
  5 orc priests
  3 centaur skeletons
  Jessica (D:3)
  Ijyb (D:2)
  5 iguanas
  17 orc wizards
  Natasha (thrice) (D:2)
  9 worker ants
  8 mummies (Ossuary)
  3 hound skeletons
  Robin (D:2)
  16 adders
  9 gnolls
  A river rat (D:8)
  4 shadow imps
  2 adder zombies (D:7)
  An adder skeleton (D:6)
  4 worms
  10 leopard geckos
  26 orcs
  2 ball pythons
  14 bats
  5 giant cockroaches
  2 gnoll zombies
  17 goblins
  13 hobgoblins
  21 jackals
  7 quokkas
  9 frilled lizards
  4 hobgoblin zombies (Ossuary)
  A jackal zombie (D:7)
  13 kobolds
  A kobold zombie (Ossuary)
  2 orc zombies (Ossuary)
  A quokka skeleton (D:5)
  11 rats
  A rat zombie (D:6)
  5 fungi
  5 plants
546 creatures vanquished.

Vanquished Creatures (collateral kills)
  A dire elephant (Lair:6)
  Fannar (D:10)
  A black bear (D:10)
  A scorpion (D:10)
  2 electric eels (Lair:3)
  A hound (D:10)
7 creatures vanquished.

Vanquished Creatures (others)
  An unseen horror (D:11)
  A bush (Lair:4)
  4 fungi
  2 plants (Lair:6)
8 creatures vanquished.

Grand Total: 561 creatures vanquished

Notes
Turn   | Place    | Note
-------+----------+-------------------------------------------
     0 | D:1      | gg19 the Ogre Hunter began the quest for the Orb.
     0 | D:1      | Reached XP level 1. HP: 22/22 MP: 1/1
    84 | D:1      | Reached skill level 1 in Maces & Flails
   293 | D:1      | Reached XP level 2. HP: 27/29 MP: 2/2
   299 | D:1      | Reached skill level 2 in Maces & Flails
   624 | D:2      | Reached XP level 3. HP: 31/37 MP: 3/3
   647 | D:2      | Noticed Ijyb
   659 | D:2      | Killed Ijyb
   659 | D:2      | Reached skill level 3 in Maces & Flails
   917 | D:2      | Noticed Sigmund
  1092 | D:2      | Killed Sigmund
  1092 | D:2      | Reached skill level 6 in Maces & Flails
  1092 | D:2      | Reached XP level 4. HP: 29/49 MP: 4/4
  1092 | D:2      | Reached XP level 5. HP: 33/55 MP: 5/5
  1256 | D:2      | Reached XP level 6. HP: 63/65 MP: 6/6
  1329 | D:2      | Noticed Natasha
  1341 | D:2      | Killed Natasha
  1341 | D:2      | Reached skill level 5 in Fighting
  1345 | D:2      | Noticed Robin
  1678 | D:2      | Killed Robin
  2050 | D:2      | Found a shimmering altar of Xom.
  2095 | D:2      | Noticed Natasha
  2111 | D:2      | Killed Natasha
  2279 | D:2      | Noticed Natasha
  2299 | D:2      | Killed Natasha
  2299 | D:2      | Reached skill level 7 in Maces & Flails
  2426 | D:3      | Found a faded altar of an unknown god.
  2769 | D:3      | Reached XP level 7. HP: 64/74 MP: 7/7
  3456 | D:3      | Reached skill level 8 in Maces & Flails
  3759 | D:3      | Noticed Jessica
  3766 | D:3      | Killed Jessica
  3767 | D:3      | Found a blossoming altar of Fedhas.
  4137 | D:4      | Noticed Menkaure
  4148 | D:4      | Killed Menkaure
  4256 | D:4      | Found a stormy altar of Qazlal.
  4489 | D:4      | Reached skill level 9 in Maces & Flails
  4673 | D:4      | Found Qakoen's Food Shop.
  4787 | D:4      | Noticed Pikel
  5367 | D:4      | Reached XP level 8. HP: 60/84 MP: 8/8
  5520 | D:3      | Killed Pikel
  5520 | D:3      | Reached skill level 10 in Maces & Flails
  5929 | D:5      | Entered Level 5 of the Dungeon
  6022 | D:5      | Reached skill level 11 in Maces & Flails
  6027 | D:5      | Gained mutation: You evolve. [mutagenic meat]
  6028 | D:5      | Gained mutation: Your spells are a little harder to cast, but a little more powerful. [mutagenic meat]
  6030 | D:5      | Gained mutation: You are partially covered in slimy green scales. (AC +2) [mutagenic meat]
  6157 | D:5      | Identified a -3 rod of ignition (14/14) (You found it on level 5 of the Dungeon)
  6425 | D:5      | Gained mutation: Your magical capacity is low. (-10% MP) [evolution]
  6596 | D:5      | Found a burning altar of Makhleb.
  6596 | D:5      | Found a faded altar of an unknown god.
  6601 | D:5      | Found a faded altar of an unknown god.
  6603 | D:5      | Found a faded altar of an unknown god.
  6605 | D:5      | Found a faded altar of an unknown god.
  6832 | D:5      | Became a worshipper of Makhleb the Destroyer
  6896 | D:5      | Found an opulent altar of Gozag.
  7052 | D:5      | Reached XP level 9. HP: 67/97 MP: 8/8
  7242 | D:5      | Found a glowing golden altar of the Shining One.
  7309 | D:6      | Found Roqorr's Jewellery Shoppe.
  7349 | D:6      | Reached skill level 12 in Maces & Flails
  7570 | D:6      | Reached skill level 1 in Invocations
  7575 | D:6      | Gained mutation: You occasionally shout uncontrollably at your foes. [mutagenic meat]
  7826 | D:6      | Found a sand-covered staircase.
  7861 | Ossuary  | Entered an ossuary
  7880 | Ossuary  | Reached * piety under Makhleb
  8399 | D:6      | Lost mutation: Your magical capacity is low. (-10% MP) [evolution]
  8399 | D:6      | Lost mutation: You evolve. [end of evolution]
  8520 | D:7      | Found a staircase to the Ecumenical Temple.
  8542 | D:7      | Reached ** piety under Makhleb
  8661 | D:7      | Reached skill level 13 in Maces & Flails
  8726 | D:7      | Found Acegov's Gadget Shoppe.
  8779 | D:7      | Reached XP level 10. HP: 109/109 MP: 12/12
  9083 | D:7      | Noticed a hill giant
  9099 | D:7      | Killed a hill giant
  9099 | D:7      | Reached skill level 10 in Fighting
  9669 | D:7      | Found Cinoumull's Weapon Shoppe.
  9676 | D:7      | Found Daori's Jewellery Shoppe.
  9680 | D:7      | Bought a +3 ring of protection for 273 gold pieces
  9680 | D:7      | Bought the ring "Erchesaj" {Str+3 Int+2 Stlth+} for 306 gold pieces
  9716 | D:7      | Found Qewkass's Assorted Antiques.
  9740 | D:7      | Bought a scroll labeled VYHARU GENAAMO for 27 gold pieces
  9740 | D:7      | Bought a scroll labeled XALETT PICE for 27 gold pieces
  9864 | D:8      | Reached skill level 14 in Maces & Flails
  9880 | D:8      | Reached *** piety under Makhleb
 10165 | D:8      | Identified a scroll of acquirement
 10176 | D:8      | Found a staircase to the Lair.
 10258 | D:8      | Found a sparkling altar of Nemelex Xobeh.
 10364 | D:8      | Reached **** piety under Makhleb
 10550 | D:9      | Reached skill level 5 in Invocations
 10610 | D:9      | Noticed Maurice
 10625 | D:9      | Killed Maurice
 10625 | D:9      | Reached skill level 5 in Dodging
 10625 | D:9      | Reached XP level 11. HP: 118/120 MP: 14/14
 10813 | D:9      | Reached skill level 15 in Maces & Flails
 10832 | D:9      | Noticed a centaur warrior
 10846 | D:9      | Killed a centaur warrior
 11569 | D:10     | Entered Level 10 of the Dungeon
 11581 | D:10     | Noticed Psyche
 11581 | D:10     | Noticed an ogre mage
 11588 | D:10     | Killed an ogre mage
 11606 | D:10     | Killed Psyche
 11716 | D:10     | Reached ***** piety under Makhleb
 11723 | D:10     | Noticed a hill giant
 11742 | D:10     | Killed a hill giant
 11747 | D:10     | Reached skill level 16 in Maces & Flails
 11752 | D:10     | Noticed Fannar
 11769 | D:10     | Killed Fannar
 11823 | D:10     | Got a fine robe
 11844 | D:10     | Identified the +2 robe of the Iron City of Dis {Int+2} (You found it on level 10 of the Dungeon)
 12167 | D:11     | Noticed Urug
 12176 | D:11     | Killed Urug
 12263 | Lair:1   | Entered Level 1 of the Lair of Beasts
 12271 | Lair:1   | Reached XP level 12. HP: 132/132 MP: 17/17
 12414 | Lair:1   | Noticed a six-headed hydra
 12426 | Lair:1   | Killed a six-headed hydra
 12447 | Lair:1   | Noticed Ark's ghost (novice TeFE)
 12456 | Lair:1   | Killed Ark's ghost
 12556 | Lair:1   | Noticed a seven-headed hydra
 12568 | Lair:1   | Killed a seven-headed hydra
 12749 | Lair:1   | Reached skill level 17 in Maces & Flails
 13230 | Lair:2   | Noticed a five-headed hydra
 13234 | Lair:2   | Killed a five-headed hydra
 13400 | Lair:2   | Found a shattered altar of Ashenzari.
 14234 | Lair:3   | Found a hole to the Spider Nest.
 14645 | Lair:4   | Noticed a catoblepas
 14656 | Lair:4   | Killed a catoblepas
 14926 | Lair:4   | Found a staircase to the Shoals.
 15383 | Lair:5   | Noticed Rupert
 15390 | Lair:5   | Killed Rupert
 15390 | Lair:5   | Reached skill level 18 in Maces & Flails
 15390 | Lair:5   | Reached XP level 13. HP: 144/144 MP: 19/19
 15772 | Lair:5   | Found a viscous altar of Jiyva.
 15772 | Lair:5   | Found a staircase to the Slime Pits.
 16167 | Lair:6   | Entered Level 6 of the Lair of Beasts
 16182 | Lair:6   | Reached ****** piety under Makhleb
 16184 | Lair:6   | Reached skill level 19 in Maces & Flails
 16306 | Lair:6   | Reached skill level 10 in Invocations
 16306 | Lair:6   | Reached XP level 14. HP: 119/157 MP: 21/21
 16910 | Lair:6   | Noticed a dire elephant
 16910 | Lair:6   | Noticed a dire elephant
 16935 | Lair:6   | Noticed a dire elephant
 16936 | Lair:6   | Killed a dire elephant
 16941 | Lair:6   | Killed a dire elephant
 16947 | Lair:6   | Killed a dire elephant
 17085 | Lair:6   | Got a faintly glowing glass ring
 17087 | Lair:6   | Got a pitted large shield
 17093 | Lair:6   | Identified the +0 large shield "Suxups" {rN+++ MR- Str-5 Dex+8} (You found it on level 6 of the Lair of Beasts)
 17135 | Lair:6   | Noticed a dire elephant
 17147 | Lair:6   | Killed a dire elephant
 17154 | Lair:6   | Noticed a dire elephant
 17163 | Lair:6   | Killed a dire elephant
 17526 | D:11     | Reached skill level 20 in Maces & Flails
 17604 | D:11     | Reached skill level 15 in Fighting
 17760 | D:11     | Found a staircase to the Orcish Mines.
 18010 | D:7      | Bought an uncursed amulet of regeneration for 390 gold pieces
 18014 | D:7      | Identified the ring of Fun {rF+ Int+4 Dex+2} (You found it on level 6 of the Lair of Beasts)
 18173 | D:11     | Found Suoxieku's Antique Armour Emporium.
 18222 | D:12     | Noticed Nessos
 18507 | D:12     | Killed Nessos
 18568 | D:12     | Noticed Erolcha
 18571 | D:12     | Killed Erolcha
 18580 | D:12     | Noticed Josephine
 18590 | D:12     | Killed Josephine
 18913 | D:12     | Annihilated by a titanic slime creature

Skill      XL: |  1  2  3  4  5  6  7  8  9 10 11 12 13 14 |
---------------+-------------------------------------------+-----
Maces & Flails | 1 2 6 7 9 11 13 14 16 18 19 20 | 20.5
Fighting       | 3 4 5 6 8 9 11 12 13 14 15 | 15.3
Dodging        | 3 5 6 7 8 9 |  9.8
Invocations    | 3 5 7 8 10 | 10.9
Throwing       | |  4.0
Stealth        | |  0.6

Action                   |  1- 3 |  4- 6 |  7- 9 | 10-12 | 13-15 || total
-------------------------+-------+-------+-------+-------+-------++-------
Melee: Whip              |   131 |   253 |   608 |   236 |       ||  1228
       Shillelagh        |       |       |       |   311 |   328 ||   639
       Giant spiked club |       |       |       |       |    25 ||    25
 Fire: Blowgun           |       |       |    24 |       |       ||    24
Throw: Large rock        |     5 |     4 |     8 |     5 |     5 ||    27
       Throwing net      |     1 |     2 |     1 |       |       ||     4
       Stone             |       |       |     9 |    12 |       ||    21
Invok: Lesser Servant of |       |       |       |     4 |     1 ||     5
       Major Destruction |       |       |       |     1 |     2 ||     3
Evoke: Wand              |       |       |     2 |       |       ||     2
  Use: Scroll            |       |       |     1 |    27 |    14 ||    42
       Potion            |       |       |       |     1 |     2 ||     3
 Stab: Held in net/web   |     1 |     1 |       |       |       ||     2
       Sleeping          |     1 |       |     3 |     4 |     1 ||     9
       Invisible         |       |       |       |       |     6 ||     6
  Eat: Chunk             |       |     6 |    14 |    22 |    18 ||    60
       Meat ration       |       |       |     2 |       |       ||     2
       Fruit             |       |       |       |     1 |       ||     1
       Pizza             |       |       |       |       |     1 ||     1
Armor: Robe              |    40 |    17 |       |       |       ||    57
       Animal skin       |       |    47 |   118 |   106 |       ||   271
       Troll leather arm |       |       |       |    71 |   131 ||   202
Dodge: Dodged            |    69 |   133 |   184 |   213 |   169 ||   768
